 Dungeon Crawl Stone Soup version 0.26-a0-651-gb41185065b (webtiles) character file.

Game seed: 5162331956239824530

2520 Lanoc the Basher (level 9, -3/85 HPs)
             Began as a Naga Chaos Knight on Oct 8, 2020.
             Was a Plaything of Xom.
             Slain by a wraith (5 damage)
             ... in an ossuary.
             The game lasted 00:11:31 (5765 turns).

Lanoc the Basher (Naga Chaos Knight)                Turns: 5765, Time: 00:11:32

Health: -3/85      AC:  9    Str: 15    XL:     9   Next: 54%
Magic:  9/9        EV: 12    Int: 13    God:    Xom [...*..]
Gold:   285        SH:  0    Dex: 13    Spells: 8/8 levels left

rFire    + . .     SeeInvis +   a - +1 mace (chaos)
rCold    . . .     Faith    .   (no shield)
rNeg     . . .     Spirit   .   b - +3 leather armour
rPois    +         Reflect  .   (no helmet)
rElec    .         Harm     .   (no cloak)
rCorr    .         Rampage  .   i - +1 pair of gloves
MR       +....                  (no barding)
Stlth    +.........             (no amulet)
HPRegen  0.24/turn              e - ring of protection from fire
MPRegen  0.11/turn              (no ring)

@: slowed, very slow
A: large, see invisible, deformed body, poison resistance, slowness 2, spit
poison 2, wild magic 1, AC +3
a: Breathe Poison Gas, Renounce Religion


You were in an ossuary.
You worshipped Xom.
You were a favourite toy of Xom.
You visited 2 branches of the dungeon, and saw 9 of its levels.
You also visited: Sewer and Ossuary.

You collected 285 gold pieces.

Inventory:

Hand Weapons
 a - a +1 mace of chaos (weapon)
 r - a +2 vorpal flail
Armour
 b - a +3 leather armour (worn)
 i - a +1 pair of gloves (worn)
Jewellery
 e - a ring of protection from fire (left hand)
Wands
 o - a wand of enslavement (11)
 s - a wand of digging (8)
Scrolls
 c - a scroll of blinking {unknown}
 f - 3 scrolls of enchant weapon
 j - a scroll of fog {unknown}
 k - 2 scrolls of magic mapping
 m - 2 scrolls of teleportation
 q - 2 scrolls of immolation
 t - 3 scrolls of identify
 v - a scroll of amnesia
 w - 2 scrolls of remove curse
Potions
 g - a potion of mutation
 h - a potion of stabbing {unknown}
 l - 3 potions of invisibility
 n - 2 potions of curing
 p - a potion of resistance {unknown}
 u - 3 potions of ambrosia {unknown}
 x - a potion of heal wounds


   Skills:
 + Level 6.9 Fighting
 * Level 9.3 Maces & Flails
 - Level 2.5 Armour
 + Level 5.1 Dodging


You had 8 spell levels left.
You didn't know any spells.
Your spell library contained the following spells:

 Spells                   Type           Power        Failure   Level
 Shock                    Conj/Air       #...         45%         1
 Swiftness                Air            #.......     58%         2
 Static Discharge         Conj/Air       #.......     82%         3
 Airstrike                Air            #.........   99%         4
 Lightning Bolt           Conj/Air       #.........   100%        5


Dungeon Overview and Level Annotations

Branches:
Dungeon (8/15)             Temple (1/1) D:7           Sewer (visited)
Ossuary (1/1)
   Lair: D:8-11

Altars:
Ashenzari
Cheibriados
Dithmenos
Elyvilon
Fedhas
Hepliaklqana
Makhleb
Okawaru
Ru
Sif Muna
Uskayaw
Wu Jian
Xom
Yredelemnul
Zin
Lugonu

Shops:
D:5 [

Annotations:
D:7 2 transporters


Innate Abilities, Weirdness & Mutations

You cannot wear boots.
Your serpentine skin is tough. (AC +3)
You have supernaturally acute eyesight. (SInv)
Armour fits poorly on your strangely shaped body.
Your system is resistant to poisons. (rPois)
You cover ground very slowly.
You can exhale a cloud of poison.
Your spells are a little harder to cast, but a little more powerful.


Message History

It was a potion of mutation.
You feel extremely strange.
You feel an ache in your throat.
There is a nasty taste in your mouth for a moment.
You feel less in control of your magic. The wraith hits you! x2
* * * LOW HITPOINT WARNING * * *
The wraith drains your vigour!
You feel as though you will be slow longer.
As you read the scroll labeled ANUUKHLOIWN, it crumbles to dust.
Wisps of shadow whirl around you...
It was a scroll of summoning.
Your cleaving frenzy subsides.
The wraith hits you but does no damage. The wraith hits you!
* * * LOW HITPOINT WARNING * * *
The wraith drains your vigour!
You feel as though you will be slow longer.
Your centaur skeleton completely misses the wraith.
The wraith hits you.
You die...
Xom roars with laughter!

###############
...............
...............
#####'#####
##.........##
##...#####...##
##.Z.##...##...##
#..@##.?!!.##...#
+...W..?!!!.#...+
#..Z##.?!?.##...#
##...##...##...##
##...#####...## .
##.........##...
.#####'#####....
.................
.................


You could see a wraith (strong, agile), a friendly hound zombie (summoned) and a
friendly centaur skeleton (summoned).

Vanquished Creatures
  Grinder (D:5)
  Eustachio (D:4)
  Menkaure (D:5)
  Edmund (D:6)
  Purgy (Sewer)
  A sky beast (D:7)
  An orc warrior (D:6)
  2 black bears
  4 ogres
  A centaur (D:6)
  Blork the orc (D:5)
  A bullfrog zombie (D:7)
  A centaur zombie (D:7)
  3 hounds
  2 orc priests
  2 jellies
  An iguana (D:4)
  10 orc wizards
  9 worker ants
  A mummy (Ossuary)
  2 worker ant zombies
  10 adders
  A howler monkey skeleton (D:4)
  2 river rats (D:3)
  2 shadow imps
  2 ufetubi (D:6)
  An ooze (D:4)
  A worm (D:4)
  A dart slug (D:1)
  6 leopard geckos
  12 orcs
  7 giant cockroaches
  2 goblins
  3 hobgoblins
  2 jackals (D:5)
  7 kobolds
  3 quokkas
  7 bats
  4 frilled lizards
  A giant cockroach zombie (D:6)
  3 gnoll skeletons (Ossuary)
  A kobold skeleton (Ossuary)
  5 orc skeletons (Ossuary)
  A quokka skeleton (D:4)
  5 rats
136 creatures vanquished.

Vanquished Creatures (collateral kills)
  An orc (D:4)
1 creature vanquished.

Grand Total: 137 creatures vanquished

Notes
Turn   | Place    | Note
-------+----------+-------------------------------------------
     0 | D:1      | Lanoc the Naga Chaos Knight began the quest for the Orb.
     0 | D:1      | Reached XP level 1. HP: 21/21 MP: 1/1
   244 | D:1      | Reached skill level 1 in Dodging
   244 | D:1      | Reached XP level 2. HP: 19/28 MP: 2/2
   359 | D:1      | XOM: divination: magic mapping
   526 | D:2      | Reached XP level 3. HP: 34/34 MP: 3/3
   540 | D:3      | XOM: stealth player
   714 | D:3      | Found a burning altar of Makhleb.
   714 | D:3      | Found an ornate altar of the Wu Jian Council.
   715 | D:3      | Found an iron altar of Okawaru.
   716 | D:3      | Found a shimmering blue altar of Sif Muna.
   716 | D:3      | Found a white marble altar of Elyvilon.
   716 | D:3      | Found a shadowy altar of Dithmenos.
   764 | D:3      | XOM: silly message
   787 | D:3      | Found a glowing drain.
   795 | D:3      | Reached XP level 4. HP: 13/42 MP: 4/4
   903 | Sewer    | Entered a sewer
   924 | Sewer    | XOM: silly message
  1032 | Sewer    | XOM: silly message
  1114 | Sewer    | Noticed Purgy
  1127 | Sewer    | XOM: enchant monster (good)
  1129 | Sewer    | Killed Purgy
  1129 | Sewer    | Reached skill level 4 in Maces & Flails
  1129 | Sewer    | Reached XP level 5. HP: 32/50 MP: 5/5
  1309 | D:3      | XOM: cleaving
  1405 | D:3      | Reached XP level 6. HP: 57/57 MP: 6/6
  1614 | D:3      | XOM: summons 2 friendly demons
  1852 | D:4      | Reached skill level 5 in Maces & Flails
  1859 | D:4      | HP: 1/57 [acid (4)]
  2258 | D:4      | XOM: give mutation
  2258 | D:4      | Gained mutation: You can exhale a cloud of poison. [Xom's
                  | grace]
  2404 | D:4      | Noticed a black bear
  2409 | D:4      | Killed a black bear
  2409 | D:4      | Reached XP level 7. HP: 66/66 MP: 7/7
  2492 | D:4      | XOM: scenery: summon butterflies
  2716 | D:4      | Noticed Eustachio
  2723 | D:4      | Killed Eustachio
  2723 | D:4      | Reached skill level 6 in Maces & Flails
  2847 | D:5      | Entered Level 5 of the Dungeon
  2847 | D:5      | Found Doys's Armour Shop.
  2909 | D:5      | Noticed Menkaure
  2912 | D:5      | XOM: polymorph orc -> giant cockroach
  2915 | D:5      | Killed Menkaure
  2915 | D:5      | Reached skill level 5 in Fighting
  3085 | D:5      | Reached XP level 8. HP: 67/74 MP: 8/8
  3226 | D:5      | Reached skill level 7 in Maces & Flails
  3258 | D:5      | Noticed Blork the orc
  3263 | D:5      | Killed Blork the orc
  3324 | D:5      | Noticed Grinder
  3325 | D:5      | XOM: enchant monster (good)
  3334 | D:5      | Killed Grinder
  3798 | D:6      | Noticed Edmund
  3800 | D:6      | XOM: noise
  3805 | D:6      | Killed Edmund
  3805 | D:6      | Reached skill level 8 in Maces & Flails
  3894 | D:6      | You fall into a shaft and drop 1 floor!
  3894 | D:7      | Found a corrupted altar of Lugonu.
  3894 | D:7      | Found a transporter.
  3894 | D:7      | Found a transporter.
  3894 | D:7      | Noticed a green ugly thing
  3894 | D:7      | Noticed a cyan ugly thing
  3894 | D:7      | Noticed a brown ugly thing
  3895 | D:7      | Noticed a small abomination
  3895 | D:7      | XOM: enchant monster (bad)
  3937 | D:6      | Reached XP level 9. HP: 6/82 MP: 9/9
  4162 | D:6      | XOM: cloud trail
  4354 | D:6      | XOM: divination: detect items
  4900 | D:6      | XOM: god gift: 28 gold pieces
  5123 | D:7      | Reached skill level 9 in Maces & Flails
  5156 | D:7      | Found a staircase to the Ecumenical Temple.
  5259 | Temple   | Entered the Ecumenical Temple
  5344 | D:7      | Reached skill level 5 in Dodging
  5613 | D:8      | Found a sand-covered staircase.
  5627 | Ossuary  | Entered an ossuary
  5693 | Ossuary  | XOM: scenery: 2 doors open, 3 doors close
  5754 | Ossuary  | XOM: cleaving
  5763 | Ossuary  | Lost mutation: You can exhale a cloud of poison. [potion of
                  | mutation]
  5763 | Ossuary  | Gained mutation: You can exhale a cloud of poison. [potion
                  | of mutation]
  5763 | Ossuary  | Gained mutation: Your spells are a little harder to cast,
                  | but a little more powerful. [potion of mutation]
  5765 | Ossuary  | HP: 2/85 [wraith (12)]
  5765 | Ossuary  | Slain by a wraith

Illustrated notes

Levels and vault maps discovered:
D:1:      evilmike_arrival_fibonacci_small, layout_basic
D:2:      layout_basic, uniq_terence, uniq_jessica
D:3:      layout_basic, grunt_temple_overflow_open, portal_sewer_entry_b
D:4:      layout_basic, minmay_liquid_box, hangedman_decor_opposing,
          corexii_shack, uniq_eustachio
D:5:      layout_loops_ring, serial_shops, shop, chequers_serial_rivers_marsh,
          uniq_grinder, uniq_blork_the_orc, uniq_menkaure
D:6:      layout_loops_ring, uniq_edmund
D:7:      gammafunk_corrupted_shrine, layout_basic,
          minmay_temple_entry_antechambers
D:8:      layout_rooms, lair_entry_dummy, enter_ossuary_1, minmay_crystal_room,
          minmay_shop_grid_forest, lemuel_flamethrower_2
Temple:   nicolae_temple_elliptical
Ossuary:  ossuary_due_mausoleum

Skill      XL: |  1  2  3  4  5  6  7  8  9 |
---------------+----------------------------+-----
Dodging        | 1 2 3 4 5 |  5.1
Armour         | 2 |  2.5
Maces & Flails | 4 5 6 8 9 |  9.3
Fighting       | 4 5 6 |  6.9

Action                   |  1- 3 |  4- 6 |  7- 9 || total
-------------------------+-------+-------+-------++-------
Melee: Mace              |    94 |    86 |   232 ||   412
 Abil: Spit Poison       |     5 |     8 |       ||    13
       Breathe Poison Ga |       |     2 |    31 ||    33
  Use: Scroll            |     3 |     5 |     7 ||    15
       Potion            |       |     4 |     2 ||     6
 Stab: Confused          |     1 |     2 |       ||     3
       Paralysed         |       |     3 |     4 ||     7
       Sleeping          |       |     1 |       ||     1
       Distracted        |       |       |     1 ||     1
       Petrified         |       |       |     2 ||     2
       Petrifying        |       |       |     1 ||     1
Armor: Leather armour    |    43 |    42 |   136 ||   221
Dodge: Dodged            |    72 |    48 |   156 ||   276

Table legend: (Time is in decaauts)
 A = Elapsed time spent in this place.
 B = Non-inter-level travel time spent in this place.
 C = Inter-level travel time spent in this place.
 D = Time resting spent in this place.
 E = Time spent auto-exploring this place.
 F = Levels seen in this place.
 G = Mean time per level.
                   A        B        C        D        E       F      G
               +--------+--------+--------+--------+--------+-----+--------+
         Total |   6984 |   6737 |    247 |    377 |   5047 |  11 |  634.9 |
       Dungeon |   6319 |   6100 |    219 |    377 |   4547 |   8 |  789.9 |
        Temple |     60 |     32 |     28 |      0 |     30 |   1 |   60.0 |
         Sewer |    441 |    441 |      0 |      0 |    375 |   1 |  441.0 |
       Ossuary |    163 |    163 |      0 |      0 |     94 |   1 |  163.0 |
               +--------+--------+--------+--------+--------+-----+--------+

Top non-repeatable levels by time:
     D:6: 1353 daAuts
     D:4: 1285 daAuts
     D:3: 1119 daAuts
     D:5: 1016 daAuts
     D:7: 905 daAuts
     D:1: 507 daAuts
   Sewer: 441 daAuts
 Ossuary: 163 daAuts
     D:2: 114 daAuts
  Temple: 60 daAuts
     D:8: 18 daAuts
